 Dungeon Crawl Stone Soup version 0.21.1-1-g345015f (webtiles) character file.

4883 theblackcape the Thaumaturge (level 10, -14/74 HPs)
             Began as a Gnoll Wizard on June 25, 2018.
             Was a Believer of Ashenzari.
             Demolished by a polar bear (19 damage)
             ... on level 8 of the Dungeon.
             The game lasted 01:02:29 (11093 turns).

theblackcape the Thaumaturge (Gnoll Wizard)        Turns: 11093, Time: 01:02:30

Health: -14/74     AC: 11    Str: 13      XL:     10   Next: 50%
Magic:  5/23       EV: 16    Int: 30      God:    Ashenzari [**....]
Gold:   437        SH:  0    Dex: 13 (14) Spells: 9/27 levels left

rFire    . . .     SeeInvis .   K - staff of summoning (curse)
rCold    x . .     Gourm    .   (no shield)
rNeg     . . .     Faith    .   M - +1 robe of Sif Muna's Envy {rElec rPois MR++ Int-2}
rPois    +         Spirit   .   H - +1 helmet
rElec    +         Reflect  .   q - +2 cloak
rCorr    .         Harm     .   A - +0 pair of gloves "Qiutuik" {rC- MR- Str+3 Int+9}
MR       +....                  a - +0 pair of boots
Stlth    ++........             s - amulet of magic regeneration (curse)
HPRegen  0.22/turn              f - ring of poison resistance (curse)
MPRegen  0.43/turn              D - ring of loudness (curse)

@: about to teleport
A: distributed training, fangs 1, strong nose
a: Curse Item, Scrying, Renounce Religion


You were on level 8 of the Dungeon.
You worshipped Ashenzari.
Ashenzari was pleased with you.
You were not hungry.

You visited 2 branches of the dungeon, and saw 9 of its levels.

You collected 437 gold pieces.

Inventory:

Hand Weapons
 i - a +0 short sword of electrocution
 p - a +3 quarterstaff of chaos
 r - a +2 mace of holy wrath
Armour
 a - a +0 pair of boots (worn)
 n - a cursed +0 shield
 q - a +2 cloak (worn)
 t - a +0 pair of gloves
 A - the +0 pair of gloves "Qiutuik" (worn) {rC- MR- Str+3 Int+9}
   (You found it on level 4 of the Dungeon)

   It affects your strength (+3).
   It affects your intelligence (+9).
   It makes you vulnerable to cold.
   It affects your resistance to hostile enchantments.
 H - a +1 helmet (worn)
 M - the +1 robe of Sif Muna's Envy (worn) {rElec rPois MR++ Int-2}
   (You found it on level 7 of the Dungeon)

   It affects your intelligence (-2).
   It insulates you from electricity.
   It protects you from poison.
   It affects your resistance to hostile enchantments.
 N - a cursed +0 shield
Magical Staves
 K - a cursed staff of summoning (weapon)
Jewellery
 b - an uncursed ring of protection from magic
 f - a cursed ring of poison resistance (left hand)
 s - a cursed amulet of magic regeneration (around neck)
 v - a cursed ring of flight
 D - a cursed ring of loudness (right hand)
Wands
 w - a wand of scattershot (4)
 y - a wand of digging (13)
 F - a wand of acid (13)
Scrolls
 g - a scroll of magic mapping
 h - 4 scrolls of amnesia
 j - a scroll of random uselessness
 l - a scroll of immolation
 m - 2 scrolls of noise {unknown}
 u - 2 scrolls of fog
 C - a scroll of silence {unknown}
 E - a scroll of enchant armour
 L - a scroll of remove curse
Potions
 c - 4 potions of curing
 e - 5 potions of lignification
 k - a potion of flight {unknown}
 x - a potion of invisibility
 z - a potion of berserk rage {unknown}
 B - a potion of might
 G - a potion of agility
 J - a potion of resistance
Books
 o - a book of Conjurations

   Spells                             Type                      Level
   a - Magic Dart                     Conjuration                  1
   b - Searing Ray                    Conjuration                  2
   c - Dazzling Spray                 Conjuration/Hexes            3
   d - Fulminant Prism                Conjuration/Hexes            4
   e - Force Lance                    Conjuration/Translocation    4
   f - Iskenderun's Mystic Blast      Conjuration                  4
 I - a book of Necromancy

   Spells                             Type                      Level
   a - Pain                           Necromancy                   1
   b - Animate Skeleton               Necromancy                   1
   c - Vampiric Draining              Necromancy                   3
   d - Regeneration                   Charms/Necromancy            3
   e - Animate Dead                   Necromancy                   4
   f - Borgnjor's Vile Clutch         Necromancy/Earth             5
Comestibles
 d - 19 rations


   Skills:
 + Level 5.2 Fighting
 + Level 5.2 Short Blades
 + Level 5.2 Long Blades
 + Level 5.2 Axes
 + Level 5.2 Maces & Flails
 + Level 5.2 Polearms
 + Level 5.2 Staves
 + Level 5.2 Slings
 + Level 5.2 Bows
 + Level 5.2 Crossbows
 + Level 5.2 Throwing
 + Level 5.2 Armour
 + Level 7.0 Dodging
 + Level 6.8 Stealth
 + Level 5.2 Shields
 + Level 5.2 Unarmed Combat
 + Level 9.0(11.2) Spellcasting
 + Level 4.9(7.1) Conjurations
 + Level 4.3(6.5) Hexes
 + Level 4.3(6.5) Charms
 + Level 4.9(7.1) Summonings
 + Level 4.3(6.5) Necromancy
 + Level 4.9(7.1) Translocations
 + Level 4.3(6.5) Transmutations
 + Level 4.3(6.5) Fire Magic
 + Level 4.3(6.5) Ice Magic
 + Level 4.3(6.5) Air Magic
 + Level 4.3(6.5) Earth Magic
 + Level 4.3(6.5) Poison Magic
 + Level 5.7 Invocations
 + Level 5.2(7.5) Evocations


You had 9 spell levels left.
You knew the following spells:

 Your Spells              Type           Power        Failure   Level  Hunger
a - Magic Dart            Conj           ####         1%          1    None
b - Call Imp              Summ           ######..     1%          2    None
c - Conjure Flame         Conj/Fire      ######..     1%          3    None
d - Mephitic Cloud        Conj/Pois/Air  ######..     1%          3    None
e - Blink                 Tloc           N/A          1%          2    None
f - Regeneration          Chrm/Necr      ######....   1%          3    None
g - Animate Dead          Necr           N/A          1%          4    None


Dungeon Overview and Level Annotations

Branches:
Dungeon (8/15)             Temple (1/1) D:4
   Lair: D:8-11

Altars:
Ashenzari
Cheibriados
Dithmenos
Elyvilon
Fedhas
Gozag
Hepliaklqana
Kikubaaqudgha
Makhleb
Nemelex Xobeh
Okawaru
Qazlal
Ru
Sif Muna
Trog
Uskayaw
Vehumet
Wu Jian
Xom
Yredelemnul
Zin
The Shining One

Shops:
D:4 :


Innate Abilities, Weirdness & Mutations

Your experience applies equally to all skills.
You have very sharp teeth.
Your uncanny sense of smell can sniff out nearby items.


Message History

The polar bear goes berserk!
Casting: Magic Dart
Confirm with . or Enter, or press ? or * to list all spells.
Aiming: Magic Dart
Press: ? - help, Shift-Dir - straight line, f/p - polar bear
Aim: a polar bear (almost dead, berserk, fast, unusually strong)
The magic dart hits the polar bear.
The polar bear is almost dead.
The polar bear closely misses you. The polar bear barely misses you.
The polar bear claws you. The polar bear bites you!!
* * * LOW HITPOINT WARNING * * *
The polar bear claws you but does no damage.
The polar bear misses you.
As you read the scroll of teleportation, it crumbles to dust.
You feel strangely unstable. The polar bear bites you.
* * * LOW HITPOINT WARNING * * *
The polar bear claws you but does no damage. x2
Unknown command.
The polar bear bites you!!
You die...

#.. ,.t#.# #.## ##########
#.####...# #.## ..(..5...#
#......# ####... ....####.#
#.###h5##≈≈≈≈≈≈≈ ...5# #)# #.#
#...≈≈≈≈≈≈≈≈ ....# #.# #t#
##{≈≈###≈≈## ###.# #.# #§#
#.≈≈#P'≈≈#P # #.# ##.##
###.####.≈≈###≈≈## # #.###...##
##@h......≈≈≈≈≈≈≈≈≈ ###.##.....#
##.##..###.≈≈≈≈≈≈≈≈≈ ....##....##
#.##.#..##.≈≈###≈≈## ....##.#.##
#.#.###.##.≈≈'P#≈≈#[ ....##.###
#.##.#..###≈≈###≈≈## ....##.##
##.##...## #≈≈≈≈≈≈≈≈
..###...########......####≈≈≈≈≈≈≈
.+......)..........()(.).'(.(....
....#...#########.#...####.....>.


You could see a polar bear (berserk).

Vanquished Creatures
  Erica (D:8)
  Pikel (D:3)
  Joseph (D:8)
  A hornet (D:8)
  An orc warrior (D:7)
  An ice beast (D:6)
  A black bear (D:6)
  An ogre (D:4)
  3 phantoms
  A wolf (D:8)
  2 bullfrogs (D:6)
  2 jellies (D:6)
  5 scorpions
  3 electric eels (D:8)
  A crimson imp (D:8)
  The ghost of kalagan the Firebug, a weakling DEFE (D:3)
  2 quasits
  Crazy Yiuf (D:2)
  A bullfrog skeleton (D:4)
  2 orc priests (D:7)
  3 hounds
  A centaur zombie (D:7)
  A centaur skeleton (D:8)
  Natasha (D:2)
  An iguana (D:8)
  6 orc wizards
  3 worker ants
  A hound skeleton (D:4)
  A killer bee simulacrum (D:8)
  2 gnolls (D:2)
  10 adders
  2 river rats (D:3)
  A white imp (D:8)
  2 oozes
  3 adder skeletons
  4 worms
  4 dart slugs
  3 leopard geckos
  17 orcs
  11 bats
  8 giant cockroaches
  10 goblins
  8 hobgoblins
  8 jackals
  6 kobolds
  2 quokkas
  A ball python (D:2)
  5 frilled lizards
  A jackal skeleton (D:4)
  A quokka skeleton (D:4)
  9 rats
168 creatures vanquished.

Vanquished Creatures (collateral kills)
  A hippogriff (D:7)
  A yak (D:8)
  A hungry ghost (D:7)
  A soldier ant (D:8)
  An orc warrior (D:7)
  A sky beast (D:8)
  A centaur (D:5)
  A necrophage (D:7)
  An ogre (D:8)
  A scorpion (D:4)
  A wyvern skeleton (D:6)
  2 electric eels (D:8)
  A crimson imp (D:5)
  A hound (D:8)
  A bullfrog zombie (D:8)
  A bullfrog skeleton (D:6)
  2 centaur skeletons
  4 orc priests
  Terence (D:2)
  An iguana (D:5)
  Natasha (twice) (D:2)
  2 orc wizards
  6 worker ants
  A bullfrog simulacrum (D:8)
  A hound zombie (D:6)
  5 gnolls
  6 adders
  A shadow imp (D:8)
  A worm (D:3)
  A leopard gecko (D:6)
  13 orcs
  A bat (D:2)
  2 giant cockroaches (D:1)
  A hobgoblin (D:3)
  A kobold (D:2)
  A rat (D:3)
70 creatures vanquished.

Vanquished Creatures (others)
  2 slaves (D:4)
  An iguana (D:4)
  2 orcs (D:4)
  A fungus (D:8)
6 creatures vanquished.

Grand Total: 244 creatures vanquished

Notes
Turn   | Place    | Note
-------+----------+-------------------------------------------
     0 | D:1      | theblackcape the Gnoll Wizard began the quest for the Orb.
     0 | D:1      | Reached XP level 1. HP: 13/13 MP: 8/8
    59 | D:1      | Reached XP level 2. HP: 6/19 MP: 0/10
   724 | D:1      | Reached XP level 3. HP: 21/25 MP: 7/11
   846 | D:1      | Learned a level 2 spell: Call Imp
   850 | D:1      | Learned a level 3 spell: Conjure Flame
   854 | D:1      | Learned a level 3 spell: Mephitic Cloud
   857 | D:1      | Learned a level 2 spell: Blink
  1389 | D:2      | Reached skill level 1 in Invocations
  1607 | D:2      | Reached skill level 1 in Fighting
  1607 | D:2      | Reached skill level 1 in Short Blades
  1607 | D:2      | Reached skill level 1 in Long Blades
  1607 | D:2      | Reached skill level 1 in Axes
  1607 | D:2      | Reached skill level 1 in Maces & Flails
  1607 | D:2      | Reached skill level 1 in Polearms
  1607 | D:2      | Reached skill level 1 in Staves
  1607 | D:2      | Reached skill level 1 in Slings
  1607 | D:2      | Reached skill level 1 in Bows
  1607 | D:2      | Reached skill level 1 in Crossbows
  1607 | D:2      | Reached skill level 1 in Throwing
  1607 | D:2      | Reached skill level 1 in Armour
  1607 | D:2      | Reached skill level 1 in Shields
  1607 | D:2      | Reached skill level 1 in Unarmed Combat
  1607 | D:2      | Reached skill level 1 in Evocations
  1607 | D:2      | Reached XP level 4. HP: 28/32 MP: 0/13
  1617 | D:2      | Noticed Natasha
  1855 | D:2      | Killed Natasha
  1855 | D:2      | Reached skill level 1 in Hexes
  1855 | D:2      | Reached skill level 1 in Charms
  1855 | D:2      | Reached skill level 1 in Necromancy
  1855 | D:2      | Reached skill level 1 in Transmutations
  1855 | D:2      | Reached skill level 1 in Fire Magic
  1855 | D:2      | Reached skill level 1 in Ice Magic
  1855 | D:2      | Reached skill level 1 in Air Magic
  1855 | D:2      | Reached skill level 1 in Earth Magic
  1855 | D:2      | Reached skill level 1 in Poison Magic
  1870 | D:2      | Noticed Natasha
  1873 | D:2      | Killed Natasha
  1873 | D:2      | Reached XP level 5. HP: 32/37 MP: 1/14
  2403 | D:2      | Reached XP level 6. HP: 42/44 MP: 11/16
  2519 | D:2      | Noticed Terence
  2537 | D:2      | Killed Terence
  2655 | D:2      | Found a runed door.
  3002 | D:2      | Noticed Natasha
  3011 | D:2      | Killed Natasha
  3154 | D:2      | Noticed Crazy Yiuf
  3180 | D:2      | Killed Crazy Yiuf
  3355 | D:3      | Reached skill level 5 in Dodging
  3541 | D:3      | Noticed kalagan's ghost (weakling DEFE)
  3550 | D:3      | Killed kalagan's ghost
  3646 | D:3      | Reached XP level 7. HP: 50/50 MP: 3/18
  4339 | D:4      | Noticed Pikel
  4357 | D:3      | Killed Pikel
  4357 | D:3      | Reached skill level 5 in Stealth
  4357 | D:3      | Reached XP level 8. HP: 43/57 MP: 16/19
  4392 | D:4      | Found Dotipsya's Book Boutique.
  4420 | D:4      | Found a staircase to the Ecumenical Temple.
  4430 | Temple   | Entered the Ecumenical Temple
  4452 | Temple   | Became a worshipper of Ashenzari the Shackled
  4853 | D:4      | Got the uncursed pair of gloves "Qiutuik" {rC- MR- Str+3 Int+9}
  4864 | D:4      | Identified the +0 pair of gloves "Qiutuik" {rC- MR- Str+3 Int+9} (You found it on level 4 of the Dungeon)
  5318 | D:5      | Entered Level 5 of the Dungeon
  5494 | D:5      | Reached skill level 8 in Spellcasting
  6602 | D:6      | Reached XP level 9. HP: 61/65 MP: 13/21
  6679 | D:6      | Learned a level 3 spell: Regeneration
  6684 | D:6      | Learned a level 4 spell: Animate Dead
  7497 | D:6      | Reached * piety under Ashenzari
  8118 | D:7      | Got the uncursed robe of Sif Muna's Envy {rElec rPois MR++ Int-2}
  8574 | D:7      | Identified the +1 robe of Sif Muna's Envy {rElec rPois MR++ Int-2} (You found it on level 7 of the Dungeon)
  9006 | D:7      | Reached skill level 5 in Invocations
  9349 | D:8      | Reached ** piety under Ashenzari
  9362 | D:8      | Noticed Erica
  9373 | D:8      | Killed Erica
  9373 | D:8      | Reached XP level 10. HP: 63/73 MP: 16/22
  9563 | D:8      | Reached skill level 5 in Fighting
  9563 | D:8      | Reached skill level 5 in Short Blades
  9563 | D:8      | Reached skill level 5 in Long Blades
  9563 | D:8      | Reached skill level 5 in Axes
  9563 | D:8      | Reached skill level 5 in Maces & Flails
  9563 | D:8      | Reached skill level 5 in Polearms
  9563 | D:8      | Reached skill level 5 in Staves
  9563 | D:8      | Reached skill level 5 in Slings
  9563 | D:8      | Reached skill level 5 in Bows
  9563 | D:8      | Reached skill level 5 in Crossbows
  9563 | D:8      | Reached skill level 5 in Throwing
  9563 | D:8      | Reached skill level 5 in Armour
  9563 | D:8      | Reached skill level 5 in Shields
  9563 | D:8      | Reached skill level 5 in Unarmed Combat
  9563 | D:8      | Reached skill level 5 in Evocations
  9878 | D:8      | Noticed Joseph
  9936 | D:8      | Killed Joseph
 10172 | D:8      | Found a white marble altar of Elyvilon.
 10913 | D:8      | Reached skill level 9 in Spellcasting
 11093 | D:8      | Demolished by a polar bear

Skill      XL: |  1  2  3  4  5  6  7  8  9 10 |
---------------+-------------------------------+-----
Conjurations   | 2 3 4 |  4.9
Summonings     | 2 3 4 |  4.9
Translocations | 2 3 4 |  4.9
Invocations    | 1 2 3 4 5 |  5.7
Fighting       | 1 2 3 4 5 |  5.2
Short Blades   | 1 2 3 4 5 |  5.2
Long Blades    | 1 2 3 4 5 |  5.2
Axes           | 1 2 3 4 5 |  5.2
Maces & Flails | 1 2 3 4 5 |  5.2
Polearms       | 1 2 3 4 5 |  5.2
Staves         | 1 2 3 4 5 |  5.2
Slings         | 1 2 3 4 5 |  5.2
Bows           | 1 2 3 4 5 |  5.2
Crossbows      | 1 2 3 4 5 |  5.2
Throwing       | 1 2 3 4 5 |  5.2
Armour         | 1 2 3 4 5 |  5.2
Shields        | 1 2 3 4 5 |  5.2
Unarmed Combat | 1 2 3 4 5 |  5.2
Evocations     | 1 2 3 4 5 |  5.2
Hexes          | 1 2 3 4 |  4.3
Charms         | 1 2 3 4 |  4.3
Necromancy     | 1 2 3 4 |  4.3
Transmutations | 1 2 3 4 |  4.3
Fire Magic     | 1 2 3 4 |  4.3
Ice Magic      | 1 2 3 4 |  4.3
Air Magic      | 1 2 3 4 |  4.3
Earth Magic    | 1 2 3 4 |  4.3
Poison Magic   | 1 2 3 4 |  4.3
Dodging        | 5 6 7 |  7.0
Stealth        | 5 6 |  6.8
Spellcasting   | 8 9 |  9.0

Action                   |  1- 3 |  4- 6 |  7- 9 | 10-12 || total
-------------------------+-------+-------+-------+-------++-------
Melee: Unarmed           |     6 |       |       |       ||     6
       Short sword       |       |     8 |    62 |       ||    70
       Bite              |       |       |     7 |     8 ||    15
       Staff             |       |       |    22 |    38 ||    60
       Punch             |       |       |     2 |     1 ||     3
 Cast: Magic Dart        |   100 |   133 |   360 |   106 ||   699
       Call Imp          |     5 |    26 |    62 |    39 ||   132
       Animate Dead      |       |       |     6 |     1 ||     7
       Regeneration      |       |       |     4 |     1 ||     5
       Mephitic Cloud    |       |       |     3 |       ||     3
       Blink             |       |       |     3 |       ||     3
       Conjure Flame     |       |       |       |     2 ||     2
Invok: Curse Item        |       |       |     2 |       ||     2
Evoke: Wand              |       |       |     3 |     4 ||     7
  Use: Scroll            |       |     4 |     9 |     3 ||    16
       Potion            |       |     1 |       |     1 ||     2
 Stab: Sleeping          |       |       |     2 |     1 ||     3
       Distracted        |       |       |     2 |       ||     2
  Eat: Chunk             |     1 |     7 |    14 |     6 ||    28
       Ration            |       |       |     1 |       ||     1
Armor: Robe              |     8 |     2 |    11 |    35 ||    56
       Leather armour    |       |    11 |    87 |       ||    98
       Skin              |       |       |     1 |       ||     1
Dodge: Dodged            |    51 |    38 |   189 |   112 ||   390
